 Dungeon Crawl Stone Soup version 0.31-a0-1227-g0136665373 (webtiles) character file.

Game seed: 12273350515758283992

19 LeprechaunX the Changeling (level 2, -2/18 HPs)
             Began as an Octopode Shapeshifter on Dec 14, 2023.
             Frozen to death by an endoplasm (5 damage)
             ... on level 1 of the Dungeon.
             The game lasted 00:00:33 (781 turns).

LeprechaunX the Changeling (Octopode Shapeshifter)   Turns: 781, Time: 00:00:34

Health: -2/18      AC:  1    Str: 13    XL:     2   Next: 75%
Magic:  2/2        EV: 13    Int: 12    God:
Gold:   50         SH:  0    Dex: 11    Spells: 1/1 levels left

rFire   . .          .
                       - Unarmed
rCold   . . .        (no shield)
rNeg    . . .        (helmet currently unavailable)
rPois   .            (no amulet)
rElec   .            (no ring)
rCorr   .            (no ring)
SInv    .            (no ring)
Will    .....        (no ring)
Stlth   ++           (no ring)
HPRegen 0.23/turn    (no ring)
MPRegen 0.08/turn    (no ring)
                     (no ring)

%: no passive effects
@: beast-form
A: beast (slay +1), almost no armour, amphibious, 8 rings, camouflage 1,
gelatinous body 1, (nimble swimmer 1), tentacles
a: Begin Untransformation


You were on level 1 of the Dungeon.
You were a hulking beast.
You visited 1 branch of the dungeon, and saw 2 of its levels.

You collected 50 gold pieces.

Inventory:

Armour
 f - an orb of wrath
Talismans
 b - a beast talisman
 c - a flux talisman
Potions
 a - a potion of lignification
 d - 2 potions of cancellation {unknown}
 e - 3 potions of heal wounds {unknown}


   Skills:
 + Level 1.4 Fighting
 - Level 2.0 Dodging
 + Level 3.2 Unarmed Combat
 * Level 3.4 Shapeshifting


You had one spell level left.
You didn't know any spells.
Your spell library was empty.

Dungeon Overview and Level Annotations

Branches:
Dungeon (2/15)

Altars:

Annotations:
D:2 Robin


Innate Abilities, Weirdness & Mutations

You are a hulking beast.
Your limbs bulge with bestial killing power. (Slay +1)
You cannot wear most types of armour.
You are amphibious.
You can wear up to eight rings at the same time.
Your skin changes colour to match your surroundings (Stealth+).
Your rubbery body absorbs attacks. (AC +1, EV +1)
((You are camouflaged when in or above water. (Stealth+)))
You have tentacles for arms and can constrict up to eight enemies at once.


Message History

The goblin shouts! x2; The frilled lizard hisses angrily.
The goblin shouts!
The hobgoblin shouts!
You hear a shout! x2; You hear an angry hiss.
The hobgoblin shouts!
Found a robe, a puce potion and a metallic emerald potion.
There is a stone staircase leading up here.
There are monsters nearby!
You swing at nothing.
You closely miss the quokka. Your grab misses the quokka.
You squeeze the quokka.
You kill the quokka!
The endoplasm quivers.
The bat closely misses you.
You bludgeon the bat!
You kill the bat!
You tentacle-slap the frilled lizard.
You kill the frilled lizard!
Robin of the Strong Arm comes into view.
They are wielding a +0 spear of freezing.
An endoplasm comes into view.
The endoplasm quivers.
The frilled lizard hisses angrily.
Robin roars a battlecry!
The goblins go into a battle-frenzy!
The endoplasm freezes you.
You are frozen.
The hobgoblin closely misses you.
You climb upwards.
There is a stone staircase leading down here.
You tentacle-slap the endoplasm but do no damage.
The hobgoblin misses you. The goblin hits you with a +0 club!
The endoplasm freezes you.
You are frozen.
You are too injured to fight recklessly!
You are too injured to fight recklessly!
You are too injured to fight recklessly!
You tentacle-slap the goblin.
You kill the goblin!
The hobgoblin hits you.
* * * LOW HITPOINT WARNING * * *
The endoplasm freezes you.
You are frozen.
You die...

....#............####...#.#..≈≈≈≈
.##.#............#..'........≈...
.##.#............####...#....≈...
.##+#................####....≈..≈
.........#####.......##......≈..≈
.............................≈..≈
#......................###...≈≈.≈
#................#..######......≈
#..............Jh)..............≈
....##...#.....g####.##.......#.≈
....##..........# #..........#..
................####..........#..
....#.............##..........#..
...........##..##.............#..
.....###...##..##.##..........###
##...#....................#+#...#
#...+............##.#....#+#...#


You could see an endoplasm and a hobgoblin (strong).

Vanquished Creatures
  A dart slug (D:1)
  A ball python (D:1)
  2 bats
  3 giant cockroaches (D:1)
  2 goblins (D:1)
  2 hobgoblins (D:1)
  2 quokkas
  3 frilled lizards
16 creatures vanquished.

Notes
Turn   | Place    | Note
-------+----------+-------------------------------------------
     0 | D:1      | LeprechaunX the Octopode Shapeshifter began the quest for
                  | the Orb.
     0 | D:1      | Reached XP level 1. HP: 13/13 MP: 1/1
   167 | D:1      | Reached XP level 2. HP: 18/18 MP: 2/2
   776 | D:2      | Noticed Robin
   781 | D:1      | Frozen to death by an endoplasm

Illustrated notes

Levels and vault maps discovered:
D:1:      ebering_hopf_link, layout_basic
D:2:      layout_rooms, ebering_ecumenical_altar_hall, uniq_robin

Action                     || total
---------------------------++-------
  Melee: Unarmed           ||    28
         Constrict         ||     6
         Tentacles         ||     3
   Stab: Sleeping          ||     3
 Armour: Skin              ||     8
  Dodge: Dodged            ||    16

Table legend: (Time is in decaauts)
 A = Elapsed time spent in this place.
 B = Non-inter-level travel time spent in this place.
 C = Inter-level travel time spent in this place.
 D = Time resting spent in this place.
 E = Time spent auto-exploring this place.
 F = Levels seen in this place.
 G = Mean time per level.
                   A        B        C        D        E       F      G
               +--------+--------+--------+--------+--------+-----+--------+
         Total |    779 |    745 |     34 |      0 |    659 |   2 |  389.5 |
       Dungeon |    779 |    745 |     34 |      0 |    659 |   2 |  389.5 |
               +--------+--------+--------+--------+--------+-----+--------+

Top non-repeatable levels by time:
     D:1: 773 daAuts
     D:2: 6 daAuts
